 Dungeon Crawl Stone Soup version 0.31-a0-208-gdb31a4691d (webtiles) character file.

Game seed: 18245159523960480363

140 zazu2006 the Spear-Bearer (level 5, -1/61 HPs)
             Began as a Gnoll Wanderer on June 28, 2023.
             Slain by an iguana (10 damage)
             ... on level 4 of the Dungeon.
             The game lasted 00:05:18 (2798 turns).

zazu2006 the Spear-Bearer (Gnoll Wanderer)          Turns: 2798, Time: 00:05:18

Health: -1/61      AC:  6    Str: 11    XL:     5   Next: 22%
Magic:  3/9        EV: 12    Int: 10    God:
Gold:   123        SH:  0    Dex: 15    Spells: 8/10 levels left

rFire   . .          .
                       - Unarmed
rCold   . . .        (no shield)
rNeg    . . .        d - +0 robe
rPois   .            (no helmet)
rElec   .            (no cloak)
rCorr   .            (no gloves)
SInv    .            (no boots)
Will    .....        (no amulet) Stlth
                     j - +4 ring of protection
HPRegen 0.30/turn    (no ring)
MPRegen 0.11/turn

%: no passive effects
@: berserking, very quick
A: fangs 1, strong nose, distributed training
a: no special abilities


You were on level 4 of the Dungeon.
You visited 1 branch of the dungeon, and saw 4 of its levels.

You collected 123 gold pieces.

Inventory:

Hand Weapons
 a - a +2 spear
Armour
 d - a +0 robe (worn)
Jewellery
 j - a +4 ring of protection (left hand)
Wands
 b - a wand of flame (1)
Scrolls
 f - 2 scrolls of vulnerability {unknown}
 g - 2 scrolls of identify {unknown}
 h - a scroll of noise {unknown}
 i - a scroll of brand weapon {unknown}
 l - a scroll of revelation {unknown}
 n - a scroll of poison {unknown}
 o - a scroll of torment {unknown}
 p - a scroll of blinking {unknown}
 q - a scroll of amnesia {unknown}
 s - a scroll of silence {unknown}
Potions
 e - 2 potions of cancellation {unknown}
 k - a potion of lignification {unknown}
 m - a potion of curing {unknown}
 r - a potion of enlightenment {unknown}


   Skills:
 + Level 3.0 Fighting
 + Level 1.4 Short Blades
 + Level 1.4 Long Blades
 + Level 1.4 Axes
 + Level 1.4 Maces & Flails
 + Level 8.6 Polearms
 + Level 1.4 Staves
 + Level 1.4 Ranged Weapons
 + Level 3.0 Throwing
 + Level 1.4 Armour
 + Level 1.4 Dodging
 + Level 1.4 Stealth
 + Level 1.4 Shields
 + Level 1.4 Unarmed Combat
 + Level 3.1 Spellcasting
 + Level 1.1 Conjurations
 + Level 1.1 Hexes
 + Level 3.9 Summonings
 + Level 1.1 Necromancy
 + Level 1.1 Translocations
 + Level 1.1 Transmutations
 + Level 1.1 Fire Magic
 + Level 1.1 Ice Magic
 + Level 1.1 Air Magic
 + Level 1.1 Earth Magic
 + Level 1.1 Poison Magic
 + Level 1.6 Invocations
 + Level 3.0 Evocations


You had 8 spell levels left.
You knew the following spells:

 Your Spells              Type           Power      Damage    Failure   Level
a - Magic Dart            Conj           12%        1d3       17%         1
b - Summon Small Mammal   Summ           36%        N/A       5%          1

Your spell library contained the following spells:

 Spells                   Type           Power      Damage    Failure   Level
 Call Imp                 Summ           18%        N/A       9%          2
 Call Canine Familiar     Summ           9%         N/A       16%         3
 Summon Guardian Golem    Hex/Summ       6%         N/A       28%         3
 Mephitic Cloud           Conj/Pois/Air  3%         N/A       45%         3
 Portal Projectile        Hex/Tloc       6%         N/A       45%         3
 Leda's Liquefaction      Hex/Erth       1%         N/A       86%         4


Dungeon Overview and Level Annotations

Branches:
Dungeon (4/15)
 Temple: D:4-7

Altars:
Zin

Shops:
D:1 ?


Innate Abilities, Weirdness & Mutations

You have very sharp teeth.
Your uncanny sense of smell can sniff out nearby items.
Your experience applies equally to all skills.


Message History

The puff of flame hits the iguana.
The iguana is moderately wounded.
The iguana misses you.
Unknown command.
Casting: Magic Dart (safe; 17% risk of failure)
Confirm with . or Enter, or press ? or * to list all spells.
The iguana barely misses you.
Your magical contamination has completely faded away.
Unknown command.
You barely miss the iguana. Your bite misses the iguana.
The iguana is moderately wounded.
Your bat barely misses the iguana.
Your bat hits the iguana but does no damage.
Your bat hits the iguana. The iguana barely misses you.
You closely miss the iguana.
The iguana is moderately wounded.
Your bat hits the iguana but does no damage.
The iguana bites you!
Aiming: Throw Flame
Press: ? - help, Shift-Dir - straight line, f/p - iguana
Aim: an iguana (moderately wounded, ally target, 75% to hit)
The puff of flame hits the iguana.
The iguana is severely wounded.
Your bat barely misses the iguana.
Your bat hits the iguana but does no damage.
The iguana bites you!
* * * LOW HITPOINT WARNING * * *
A red film seems to cover your vision as you go berserk!
You feel yourself moving faster!
You feel mighty!
Your bat hits the iguana but does no damage.
Your bat barely misses the iguana.
Your bat hits the iguana but does no damage.
The iguana barely misses you.
You hit the iguana.
The iguana is severely wounded.
Your bat barely misses the iguana.
You completely miss the iguana.
The iguana is severely wounded.
Your bat barely misses the iguana.
The iguana bites you!
You die...

#.#.h...b.....#
#####.##.#..#...# ..
.........##...##.... #
#..##...##....!....
..##..#...#..#.##.....
#...............#.....
.##..#..b#........... ..
#..##l##.#...#.... ≈.≈.≈
#...@....##.##..... #≈.≈.≈
#.#..##........####
##..≈..####.#.###.....#.##
#≈.≈.≈.≈.............##+#
#≈.....≈.............>...
.##≈.≈.≈.≈.........####....
.##..≈.≈...........# ....
.##.≈...≈..........# ....
.##.≈...≈..........# +#


You could see an iguana (ally target) and a friendly bat (summoned).

Vanquished Creatures
  Natasha (twice) (D:4)
  An adder (D:2)
  A worm (D:3)
  2 dart slugs
  6 ball pythons
  5 endoplasms
  A giant cockroach (D:4)
  6 goblins
  7 hobgoblins
  5 quokkas (D:1)
  2 bats
  2 frilled lizards
  2 kobolds
  3 rats
45 creatures vanquished.

Vanquished Creatures (collateral kills)
  Natasha (D:4)
  A ball python (D:1)
  A bat (D:1)
3 creatures vanquished.

Grand Total: 48 creatures vanquished

Notes
Turn   | Place    | Note
-------+----------+-------------------------------------------
     0 | D:1      | zazu2006 the Gnoll Wanderer began the quest for the Orb.
     0 | D:1      | zazu2006 set off with the following items: a +2 spear, a
                  | wand of flame (4), a potion of berserk rage, a +0 robe; and
                  | the following spell memorised: Summon Small Mammal; and the
                  | following spells available to memorise: Summon Guardian
                  | Golem.
     0 | D:1      | Reached XP level 1. HP: 17/17 MP: 4/4
   176 | D:1      | Reached XP level 2. HP: 23/23 MP: 3/5
   195 | D:1      | Found Juryck's Magic Scroll Emporium.
   719 | D:1      | Reached XP level 3. HP: 20/28 MP: 5/7
   931 | D:2      | Reached skill level 1 in Invocations
  1165 | D:2      | Reached skill level 1 in Short Blades
  1165 | D:2      | Reached skill level 1 in Long Blades
  1165 | D:2      | Reached skill level 1 in Axes
  1165 | D:2      | Reached skill level 1 in Maces & Flails
  1165 | D:2      | Reached skill level 1 in Staves
  1165 | D:2      | Reached skill level 1 in Ranged Weapons
  1165 | D:2      | Reached skill level 1 in Armour
  1165 | D:2      | Reached skill level 1 in Dodging
  1165 | D:2      | Reached skill level 1 in Stealth
  1165 | D:2      | Reached skill level 1 in Shields
  1165 | D:2      | Reached skill level 1 in Unarmed Combat
  1218 | D:2      | Learned a level 1 spell: Magic Dart
  1897 | D:3      | Reached XP level 4. HP: 27/34 MP: 1/8
  2196 | D:3      | Found a faded altar of an unknown god.
  2539 | D:3      | Found a glowing silver altar of Zin.
  2665 | D:4      | Noticed Natasha
  2677 | D:4      | Killed Natasha
  2678 | D:4      | Reached skill level 1 in Conjurations
  2678 | D:4      | Reached skill level 1 in Hexes
  2678 | D:4      | Reached skill level 1 in Necromancy
  2678 | D:4      | Reached skill level 1 in Translocations
  2678 | D:4      | Reached skill level 1 in Transmutations
  2678 | D:4      | Reached skill level 1 in Fire Magic
  2678 | D:4      | Reached skill level 1 in Ice Magic
  2678 | D:4      | Reached skill level 1 in Air Magic
  2678 | D:4      | Reached skill level 1 in Earth Magic
  2678 | D:4      | Reached skill level 1 in Poison Magic
  2686 | D:4      | Noticed Natasha
  2708 | D:4      | Killed Natasha
  2709 | D:4      | Reached XP level 5. HP: 29/40 MP: 5/9
  2757 | D:4      | Noticed Natasha
  2789 | D:4      | Killed Natasha
  2798 | D:4      | Slain by an iguana

Illustrated notes

Levels and vault maps discovered:
D:1:      amcnicky_arrival_choice, layout_basic, serial_shops,
          nicolae_shop_tiny_glass, grunt_decor_cap
D:2:      layout_rooms, serial_bayou, serial_bayou_ford_a,
          serial_bayou_lagoon_b, serial_bayou_shore_b, serial_bayou_pond_c,
          chequers_jeans
D:3:      layout_loops_ring, mainiacjoe_overflow_alcove_2,
          chequers_ecumenical_altar_island
D:4:      layout_basic, nicolae_uskayaw_suspiria,
          hangedman_decor_clover_reticule, uniq_natasha, uniq_blork_the_orc

Skill      XL: |  1  2  3  4  5 |
---------------+----------------+-----
Invocations    | 1 |  1.6
Short Blades   | 1 |  1.4
Long Blades    | 1 |  1.4
Axes           | 1 |  1.4
Maces & Flails | 1 |  1.4
Staves         | 1 |  1.4
Ranged Weapons | 1 |  1.4
Armour         | 1 |  1.4
Dodging        | 1 |  1.4
Stealth        | 1 |  1.4
Shields        | 1 |  1.4
Unarmed Combat | 1 |  1.4
Spellcasting   | 3 |  3.1
Conjurations   | 1 |  1.1
Hexes          | 1 |  1.1
Necromancy     | 1 |  1.1
Translocations | 1 |  1.1
Transmutations | 1 |  1.1
Fire Magic     | 1 |  1.1
Ice Magic      | 1 |  1.1
Air Magic      | 1 |  1.1
Earth Magic    | 1 |  1.1
Poison Magic   | 1 |  1.1
Fighting       | 3 |  3.0
Throwing       | 3 |  3.0
Evocations     | 3 |  3.0
Polearms       | |  8.6
Summonings     | |  3.9

Action                     |  1- 3 |  4- 6 || total
---------------------------+-------+-------++-------
  Melee: Spear             |   103 |    20 ||   123
         Bite              |     8 |     5 ||    13
         Punch             |     2 |     1 ||     3
         Unarmed           |       |    19 ||    19
   Cast: Summon Small Mamm |    13 |     7 ||    20
         Magic Dart        |    17 |    21 ||    38
  Evoke: Wand              |       |     3 ||     3
    Use: Potion            |       |     1 ||     1
 Armour: Robe              |     9 |    12 ||    21
  Dodge: Dodged            |    27 |    34 ||    61

Table legend: (Time is in decaauts)
 A = Elapsed time spent in this place.
 B = Non-inter-level travel time spent in this place.
 C = Inter-level travel time spent in this place.
 D = Time resting spent in this place.
 E = Time spent auto-exploring this place.
 F = Levels seen in this place.
 G = Mean time per level.
                   A        B        C        D        E       F      G
               +--------+--------+--------+--------+--------+-----+--------+
         Total |   2792 |   2718 |     74 |      0 |   2333 |   4 |  698.0 |
       Dungeon |   2792 |   2718 |     74 |      0 |   2333 |   4 |  698.0 |
               +--------+--------+--------+--------+--------+-----+--------+

Top non-repeatable levels by time:
     D:2: 865 daAuts
     D:1: 864 daAuts
     D:3: 823 daAuts
     D:4: 239 daAuts
